[Event "Torneo Nuevo Centro. Jornada 10"]
[Site "Chess.com"]
[Date "2020.08.21"]
[Round "1"]
[White "Vicent Lázaro, Elena"]
[Black "Gracia Calvo, Andrés"]
[Result "0-1"]
[WhiteElo "656"]
[BlackElo "1815"]
[TimeControl "180+2"]
[EndTime "10:32:45 PDT"]
[Termination "Victoria de andresjaque21 por jaque mate"]

1. e3 d5 2. c4 c6 3. Nc3 e6 4.
Bd3 f5 5. Bb1 Nf6 6. Qc2 Bd6 7. g4 g6 8. Nh3 fxg4 9. Ng1 Nbd7 10. f3 Ne5 11. fxg4 Nfxg4 12. Nh3 Qh4+ 13. Nf2 Qxf2+ 14. Kd1 Qf3+ 15. Ke1 Qxh1+ 16. Ke2 Qxh2+ 17.
Kf1 Qf2# 0

[Event "Torneo Nuevo Centro. Jornada 10"]
[Site "Chess.com"]
[Date "2020.08.21"]
[Round "1"]
[White "Fitzpatrick Dimas, Kevin"]
[Black "Hassomal Daswani, Birjkumar"]
[Result "0-1"]
[WhiteElo "856"]
[BlackElo "1838"]
[TimeControl "180+2"]
[EndTime "10:33:34 PDT"]
[Termination "Victoria de daz000007 por abandono"]

1. e4 c5 2. Bc4 e6 3. Nf3 a6 4. O-O b5 5. Bd3 Bb7 6. c4 b4 7.
a3 a5 8. axb4 axb4 9. Rxa8 Bxa8 10. Qa4 Nc6 11. e5 Nge7 12. h3 Ng6 13. Qb5 Ngxe5 14.
Nxe5 Nxe5 15. Qxc5 Bxc5 0

[Event "Torneo Nuevo Centro. Jornada 10"]
[Site "Chess.com"]
[Date "2020.08.21"]
[Round "1"]
[White "Salvador Buiza, Victor"]
[Black "Ainsa Jimenez, Lucas"]
[Result "1-0"]
[WhiteElo "1882"]
[BlackElo "1149"]
[TimeControl "180+2"]
[EndTime "10:33:36 PDT"]
[Termination "Victoria de TERROROSCURO666 por jaque mate"]

1. e4 e5 2. Nf3 Nc6 3. Bc4 Bc5 4. d3 Nf6 5. Be3 Bxe3 6. fxe3 d6 7. O-O h6 8. Nc3 O-O 9. d4 exd4 10. exd4 Na5 11.
Bd3 d5 12. exd5 Nxd5 13. Nxd5 Qxd5 14. Ne5 Qxd4+ 15. Kh1 Qxe5 16. Qd2 Nc6 17. c3 Re8 18. Rae1 Qd5 19. Rxe8# 1

[Event "Torneo Nuevo Centro. Jornada 10"]
[Site "Chess.com"]
[Date "2020.08.21"]
[Round "1"]
[White "Perrot, Fabien "]
[Black "Montesinos Diaz, Luis"]
[Result "0-1"]
[WhiteElo "1126"]
[BlackElo "1871"]
[TimeControl "180+2"]
[EndTime "10:33:54 PDT"]
[Termination "Victoria de Gwiso_06 por abandono"]

1. d4 Nf6 2. c4 g6 3. Nc3 Bg7 4. Bg5 O-O 5. e4 d6 6. g3 Nc6 7. Bg2 e5 8. d5 Ne7 9. Qb3 h6 10. Bxf6 Bxf6 11. Nge2 Bg7 12. O-O f5 13. Rad1 f4 14. gxf4 exf4 15. Bf3 g5 16. Nb1 g4 17.
Bh1 Ng6 18. Na3 Qg5 19. Qd3 Ne5 20. Qc3 Nf3+ 0

[Event "Torneo Nuevo Centro. Jornada 10"]
[Site "Chess.com"]
[Date "2020.08.21"]
[Round "1"]
[White "Granero Roca, Antonio"]
[Black "Ledezma Fortes, Jose Manuel"]
[Result "1-0"]
[WhiteElo "2519"]
[BlackElo "1794"]
[TimeControl "180+2"]
[EndTime "10:34:21 PDT"]
[Termination "Victoria de Somtor por abandono"]

1. Nf3 c6 2. g3 d5 3. Bg2 Bf5 4. d3 Nd7 5. O-O h6 6. Nbd2 e6 7. c4 Ne7 8. b3 Bh7 9. Bb2 Nf5 10. Qc2 dxc4 11. Nxc4 Nb6 12. Rad1 Qc7 13. a3 O-O-O 14. b4 Nxc4 15. Qxc4 Nd6 16. Qb3 f6 17. Rc1 e5 18.
a4 e4 19. Nd4 exd3 20. exd3 Nf5 21. Nxc6 Nxg3 22. hxg3 bxc6 23. Rxc6 Rxd3 24. Rxc7+ Kxc7 25. Qc4+ 1

[Event "Torneo Nuevo Centro. Jornada 10"]
[Site "Chess.com"]
[Date "2020.08.21"]
[Round "1"]
[White "Hernández Tomás, Efrén"]
[Black "Orts Tomás, Marc"]
[Result "0-1"]
[WhiteElo "1085"]
[BlackElo "1859"]
[TimeControl "180+2"]
[EndTime "10:34:38 PDT"]
[Termination "Victoria de Rock-Bishop29 por abandono"]

1. e4 c5 2. Nf3 Nc6 3. Bc4 e5 4.
Nc3 Be7 5. d3 Nd4 6. Nxe5 Nf6 7.
Nxf7 Qa5 8. Nxh8 b5 9. Bd5 Nxd5 10. exd5 b4 11. Ne4 b3+ 12. Bd2 Nxc2+ 13. Ke2 Qa6 14.
Rc1 Nd4+ 15. Kf1 bxa2 16. Ra1 Qxd3+ 17. Kg1 Ne2+ 18. Kf1 Nc3+ 0

[Event "Torneo Nuevo Centro. Jornada 10"]
[Site "Chess.com"]
[Date "2020.08.21"]
[Round "1"]
[White "Fenollar Jorda, Manolo"]
[Black "Donate Moreno, Silvia"]
[Result "1-0"]
[WhiteElo "2472"]
[BlackElo "1769"]
[TimeControl "180+2"]
[EndTime "10:34:39 PDT"]
[Termination "Victoria de Cucudrulu por abandono"]

1. d4 Nf6 2. Nf3 g6 3. Bg5 Bg7 4. Nbd2 d5 5. e3 O-O 6. c3 c6 7.
a4 Bg4 8. Qc2 h6 9. Bh4 Bxf3 10.
Nxf3 g5 11. Bg3 Ne4 12. Bd3 Nxg3 13. hxg3 Nd7 14. Nxg5 e5 15. Nh3 e4 16. Be2 Rc8 17. Nf4 Re8 18. O-O Qg5 19. b4 a6 20.
Qb3 Nf6 21. Rac1 Ng4 22. b5 axb5 23. axb5 h5 24. c4 dxc4 25. Bxc4 Re7 26. bxc6 bxc6 27.
Be2 h4 28. Rc5 1

[Event "Torneo Nuevo Centro. Jornada 10"]
[Site "Chess.com"]
[Date "2020.08.21"]
[Round "1"]
[White "Roca Cruz, Rafael"]
[Black "Fitzpatrick Dimas  , Andrew "]
[Result "1-0"]
[WhiteElo "1851"]
[BlackElo "1056"]
[TimeControl "180+2"]
[EndTime "10:35:07 PDT"]
[Termination "Victoria de RafaRocaCruz por jaque mate"]

1. d4 d5 2. c4 dxc4 3. Nf3 Nc6 4.
e3 b5 5. a4 Ba6 6. axb5 Bxb5 7. b3 Qd5 8. Nc3 Qe6 9. Nxb5 Kd7 10.
bxc4 a6 11. d5 Qe5 12. dxc6+ Kc8 13. Qd4 Qxd4 14. Nbxd4 f6 15. Ba3 Nh6 16. Ne6 Nf5 17. g3 Nd6 18. Bh3 Kb8 19. Rb1+ Ka7 20. Bc5# 1

[Event "Torneo Nuevo Centro. Jornada 10"]
[Site "Chess.com"]
[Date "2020.08.21"]
[Round "1"]
[White "Gutierrez Marco, Dario"]
[Black "Rabbani Perez, Oumaima "]
[Result "1-0"]
[WhiteElo "1822"]
[BlackElo "690"]
[TimeControl "180+2"]
[EndTime "10:35:12 PDT"]
[Termination "Victoria de rususs por jaque mate"]

1. e4 e5 2. Nf3 Nf6 3. Nxe5 Nxe4 4. Qe2 Ng5 5. Nc6+ Be7 6. Nxd8 Kxd8 7. d4 Nc6 8. c3 Na5 9. g3 b6 10. Bg2 Nc6 11. d5 Nb8 12. d6 cxd6 13. Bxa8 Ba6 14. Qg4 Bc4 15. Bxg5 Bxg5 16. Qxg5+ Kc8 17. Nd2 Bd3 18.
O-O-O Be2 19. Rde1 Bd3 20. Qxg7 Rd8 21. Qxf7 Na6 22.
Re8 Rxe8 23. Qxe8+ Kc7 24. Re1 Bb5 25. c4 Bc6 26. Bxc6 dxc6 27. Re7# 1

[Event "Torneo Nuevo Centro. Jornada 10"]
[Site "Chess.com"]
[Date "2020.08.21"]
[Round "1"]
[White "Martínez Escandell, Alfonso"]
[Black "Valverde Alcaide, Miguel Alejandro"]
[Result "1-0"]
[WhiteElo "1840"]
[BlackElo "892"]
[TimeControl "180+2"]
[EndTime "10:35:54 PDT"]
[Termination "Victoria de Alfonso10 por jaque mate"]

1. e4 e5 2. Nf3 Qe7 3. Bc4 Nh6 4.
d3 d6 5. Bxh6 gxh6 6. Qd2 Nc6 7.
Nc3 Nb4 8. a3 d5 9. Nxd5 Nxd5 10. Bxd5 c6 11. Bb3 Bg4 12. Qe3 O-O-O 13. h3 Bxf3 14.
Qxf3 f6 15. O-O-O Bg7 16. g4 Qc5 17. Kb1 b6 18. h4 Kb7 19. Qf5 Rd4 20. f4 a5 21. fxe5 fxe5 22. Qf7+ Kc8 23. Qxg7 Rdd8 24. Rhf1 a4 25. Be6+ Kb8 26. Rf7 Rhf8 27. Rb7+ Ka8 28.
Ra7+ Kb8 29. Qb7# 1

[Event "Torneo Nuevo Centro. Jornada 10"]
[Site "Chess.com"]
[Date "2020.08.21"]
[Round "1"]
[White "Rausell Taberner, Diego"]
[Black "Sampedro Roig, Josep Francesc"]
[Result "0-1"]
[WhiteElo "609"]
[BlackElo "1813"]
[TimeControl "180+2"]
[EndTime "10:36:12 PDT"]
[Termination "Victoria de Abrekurios por jaque mate"]

1. e4 Nf6 2. Nc3 d5 3. exd5 Nxd5 4. Bc4 Nb6 5. Bb3 c5 6. Ba4+ Nxa4 7. Nxa4 e5 8. d3 Be7 9. Nf3 Nc6 10. O-O O-O 11. Be3 b6 12. Nc3 Bg4 13. h3 Bh5 14. Ne4 f5 15. Ned2 f4 16. Bxf4 exf4 17. Ne4 Nd4 18. c3 Nxf3+ 19. gxf3 Qd7 20. Kh1 Qxh3+ 21. Kg1 Bxf3 22.
Qxf3 Qxf3 23. Kh2 Rf6 24. Nxf6+ Bxf6 25. Kg1 Qg4+ 26. Kh2 f3 27. Kh1 Qh3+ 28. Kg1 Qg2# 0

[Event "Torneo Nuevo Centro. Jornada 10"]
[Site "Chess.com"]
[Date "2020.08.21"]
[Round "1"]
[White "Mancebo Ibanez, Fernando"]
[Black "Fente Fernandez, Jose Ignacio"]
[Result "1-0"]
[WhiteElo "2123"]
[BlackElo "1527"]
[TimeControl "180+2"]
[EndTime "10:36:14 PDT"]
[Termination "Victoria de Ferval64 por abandono"]

1. d4 Nf6 2. c4 g6 3. Nc3 d5 4. cxd5 Nxd5 5. e4 Nxc3 6. bxc3 Bg7 7. Ba3 O-O 8. Bc4 Na6 9. Nf3 c5 10. Bxa6 bxa6 11. Bxc5 Bg4 12. O-O Qa5 13. Bxe7 Rfe8 14.
Bb4 Qh5 15. h3 Bxf3 16. Qxf3 Qxf3 17. gxf3 a5 18. Bxa5 Rac8 19. Rab1 Re6 20. Rfc1 Ra6 21. Rb5 Bxd4 22. Rd5 Bg7 23. Rc2 Rd6 1

[Event "Torneo Nuevo Centro. Jornada 10"]
[Site "Chess.com"]
[Date "2020.08.21"]
[Round "1"]
[White "Marques Montolio, Luis"]
[Black "Aymerich Rosell, Pablo"]
[Result "0-1"]
[WhiteElo "1428"]
[BlackElo "1966"]
[TimeControl "180+2"]
[EndTime "10:36:16 PDT"]
[Termination "Victoria de jasikevic por abandono"]

1. e4 c6 2. Nf3 d5 3. Nc3 Nf6 4.
exd5 cxd5 5. d4 Nc6 6. Bd3 Bg4 7.
Bg5 Nxd4 8. Bxf6 gxf6 9. h3 Bxf3 10. gxf3 e6 11. f4 f5 12. Qh5 Qf6 13. O-O-O a6 14. Ne2 Nc6 15. Qf3 Bg7 16. c3 O-O 17. h4 Kh8 18. h5 h6 19. Rhg1 b5 20. Rg2 b4 21. Rdg1 Rg8 22. Bb1 bxc3 23. Nxc3 Rac8 24. Bc2 Nd4 25. Qd3 Nxc2 26. Qxc2 d4 27. Rxg7 Rxg7 28. Rxg7 Qxg7 29. Ne2 Rxc2+ 30. Kxc2 0

[Event "Torneo Nuevo Centro. Jornada 10"]
[Site "Chess.com"]
[Date "2020.08.21"]
[Round "1"]
[White "Blanco Solaz, Ramón"]
[Black "Yatseta Fernandez, Marc Kazymyr"]
[Result "1-0"]
[WhiteElo "2002"]
[BlackElo "1443"]
[TimeControl "180+2"]
[EndTime "10:36:19 PDT"]
[Termination "Victoria de Rbs77 por abandono"]

1. e4 e5 2. Nf3 Nc6 3. Bc4 Be7 4. O-O Nf6 5. Re1 d6 6. h3 Be6 7. d3 O-O 8. Nbd2 Qd7 9. a3 Na5 10.
Bxe6 fxe6 11. b4 Nc6 12. c4 Nd4 13. Nxd4 exd4 14. Nf3 e5 15. Qc2 c6 16. c5 dxc5 17. bxc5 Qe6 18. Ng5 Qd7 19. Qc4+ Kh8 20. Nf7+ Rxf7 21.
Qxf7 Rf8 22. Qb3 Nh5 23. Rb1 Bh4 24. Re2 Nf4 25. Bxf4 exf4 26. Qxb7 Qe6 27. f3 Bg3 28. Qc7 g5 29. Rb7 Qg6 30. Qe7 Rg8 31. e5 h5 32.
Qf6+ 1

[Event "Torneo Nuevo Centro. Jornada 10"]
[Site "Chess.com"]
[Date "2020.08.21"]
[Round "1"]
[White "Gimenez Saiz, Jose Raul"]
[Black "Polikarpov, Anton"]
[Result "1-0"]
[WhiteElo "1900"]
[BlackElo "1213"]
[TimeControl "180+2"]
[EndTime "10:36:27 PDT"]
[Termination "Victoria de rango013 por abandono"]

1. d4 d5 2. e3 Nc6 3. f4 Bf5 4.
c3 g6 5. h3 Bg7 6. Nf3 Nf6 7.
Nbd2 Ne4 8. Bd3 Ng3 9. Bxf5 Nxh1 10. Bd3 Ng3 11. Kf2 Nh5 12. Ne5 Bxe5 13. fxe5 e6 14. Nf3 Qe7 15. e4 O-O-O 16. g4 dxe4 17. Bxe4 Ng7 18.
Bg5 f6 19. Bxf6 Qf7 20. Bxd8 Nxd8 21. Qb3 Nc6 22. Qa4 Qd7 23. Bxc6 bxc6 24. Qxa7 Kd8 25. Qa8+ Qc8 26. Qxc6 Rf8 27. Ke3 h5 28. a4 hxg4 29.
hxg4 Qb8 30. b4 Qa7 31. Qc5 Qb7 32. Qxf8+ Kd7 33. Qxg7+ Kc6 1

[Event "Torneo Nuevo Centro. Jornada 10"]
[Site "Chess.com"]
[Date "2020.08.21"]
[Round "1"]
[White "Soliva Ruiz, Ramon"]
[Black "Perez Garcia, Jose Miguel"]
[Result "0-1"]
[WhiteElo "1506"]
[BlackElo "2075"]
[TimeControl "180+2"]
[EndTime "10:36:51 PDT"]
[Termination "Victoria de PEREZOV69 por tiempo"]

1. d4 g6 2. c3 Bg7 3. Nf3 Nf6 4. Bf4 O-O 5. e3 d6 6. h3 Nbd7 7. Nbd2 c6 8. Bc4 Qe8 9. O-O e5 10. dxe5 dxe5 11. Bg3 Qe7 12. Bh4 h6 13. Ne4 g5 14.
Nxf6+ Nxf6 15. Bg3 Nh5 16. Bh2 e4 17. Nd4 Nf6 18.
Qb3 a5 19. a4 h5 20. Rad1 g4 21. h4 Nh7 22. Bg3 Bf6 23. Ne2 Bxh4 24. Bd6 Qg5 25. Bxf8 Nxf8 26. Bxf7+ Kg7 27. Nf4 g3 28. Nxh5+ Kh6 29.
fxg3 Bxg3 30. Rf6+ Kh7 31. Re1 Bxe1 32. Qc4 Qxe3+ 33.
Kh2 Bg4 34. Qxe4+ Qxe4 35. Bg6+ Qxg6 36. Rxg6 Kxg6 37. Ng7 Kxg7 0

[Event "Torneo Nuevo Centro. Jornada 10"]
[Site "Chess.com"]
[Date "2020.08.21"]
[Round "1"]
[White "Morello Ostos, Domingo"]
[Black "Nadal Fajardo, Ricard"]
[Result "0-1"]
[WhiteElo "1658"]
[BlackElo "2222"]
[TimeControl "180+2"]
[EndTime "10:37:03 PDT"]
[Termination "Victoria de gomokuniano por abandono"]

1. e4 c6 2. d4 d5 3. Nc3 dxe4 4.
Nxe4 Bf5 5. Ng3 Bg6 6. h4 h6 7. Nf3 Nd7 8. h5 Bh7 9. Bd3 Bxd3 10. Qxd3 e6 11. Bd2 Ngf6 12. O-O-O Be7 13. Ne4 Nxe4 14. Qxe4 Nf6 15. Qe2 Qd5 16. Ne5 Qxa2 17. c3 a5 18. Rhe1 a4 19. Qc4 Qxc4 20. Nxc4 Nd5 21.
f4 O-O 22. g4 a3 23. bxa3 Bxa3+ 24. Nxa3 Rxa3 25. Kb2 Rfa8 26. Ra1 Rxa1 27. Rxa1 Rxa1 28. Kxa1 Nb6 29. Ka2 Nc4 30. Bc1 Kf8 31. Kb3 b5 32. Kb4 Ke8 33. Kc5 Kd7 34. g5 Nd6 35. Kb6 Nf5 36. Ba3 Ng3 37. Bf8 Nxh5 38. gxh6 gxh6 39. Bxh6 Nf6 0

[Event "Torneo Nuevo Centro. Jornada 10"]
[Site "Chess.com"]
[Date "2020.08.21"]
[Round "1"]
[White "Donate Peris, Jose Manuel"]
[Black "Chernikov, Vladimir"]
[Result "0-1"]
[WhiteElo "1536"]
[BlackElo "2211"]
[TimeControl "180+2"]
[EndTime "10:37:06 PDT"]
[Termination "Victoria de isla88 por abandono"]

1. d4 g6 2. e4 Bg7 3. c3 d6 4. Bc4 c6 5. Nf3 d5 6. exd5 cxd5 7. Bb3 Bg4 8. h3 Bxf3 9. Qxf3 Nf6 10. Bg5 Ne4 11.
Bh4 O-O 12. O-O Nc6 13. Re1 g5 14. Bg3 Nxg3 15. Qxg3 e6 16. Nd2 h6 17. Nf3 Rc8 18. Ne5 Nxe5 19. dxe5 Qc7 20. Bc2 Qc4 21. Qd3 Qxd3 22.
Bxd3 Rfd8 23. Rad1 Kf8 24. g4 d4 25. cxd4 Rxd4 26. Bb1 Rcd8 27. Rxd4 Rxd4 28. Kg2 Rd5 29. Kg3 Bxe5+ 30. Kg2 Bxb2 31. h4 Rd2 32. hxg5 hxg5 33. Kf3 Bd4 34. Re2 Rd1 35. Ke4 Bb6 36. f3 Rd4+ 37.
Ke5 Ke7 0

[Event "Torneo Nuevo Centro. Jornada 10"]
[Site "Chess.com"]
[Date "2020.08.21"]
[Round "1"]
[White "Pedros Viudes, Santiago"]
[Black "Miranda Calvo, Max Rodrigo"]
[Result "1-0"]
[WhiteElo "1922"]
[BlackElo "1353"]
[TimeControl "180+2"]
[EndTime "10:37:06 PDT"]
[Termination "Victoria de ElGatoKamsky por jaque mate"]

1. d4 d5 2. Nf3 Nc6 3. Bf4 Bf5 4. e3 a6 5. c4 e6 6. c5 Nf6 7. Qa4 Be7 8. Ne5 O-O 9. Nxc6 bxc6 10. Qxc6 Qb8 11.
b3 Qb4+ 12. Ke2 Rfc8 13. f3 Bxb1 14. Rxb1 Qc3 15. Rd1 h6 16. Be5 Qa5 17. Kf2 Qxa2+ 18. Be2 Qxb3 19. Rb1 Qa3 20. Ra1 Qb4 21. Rhb1 Qd2 22.
Rxa6 Rxa6 23. Qxa6 Nd7 24. Qxc8+ Kh7 25. Qxd7 f6 26.
Qxe7 fxe5 27. dxe5 d4 28. exd4 Qxd4+ 29. Kf1 Qxe5 30.
c6 Qf5 31. Rd1 Kg6 32. Qxc7 Kf6 33. Qd8+ Ke5 34. Qd4# 1

[Event "Torneo Nuevo Centro. Jornada 10"]
[Site "Chess.com"]
[Date "2020.08.21"]
[Round "1"]
[White "Gil López, Alejandro"]
[Black "Cebolla Ruiz, David"]
[Result "1-0"]
[WhiteElo "2211"]
[BlackElo "1561"]
[TimeControl "180+2"]
[EndTime "10:37:11 PDT"]
[Termination "Victoria de AglVal0313 por tiempo"]

1. e4 e5 2. Nf3 d6 3. Bc4 Be7 4. h3 Nf6 5. Nc3 O-O 6. O-O Nbd7 7. d4 b6 8. dxe5 Nxe5 9. Nxe5 dxe5 10. Bg5 Bb7 11. f3 Qd4+ 12. Qxd4 exd4 13. Ne2 Rad8 14.
Rad1 c5 15. Ng3 h6 16. Bf4 Rfe8 17. Nf5 Nh5 18. Bh2 Bg5 19. f4 Be7 20. e5 Be4 21. Bd3 Bxf5 22. Bxf5 g6 23. Bd3 Ng7 24. g4 h5 25. f5 hxg4 26. hxg4 gxf5 27. gxf5 Bh4 28. f6 Ne6 29. Bf5 Nc7 30. Rf4 Bg5 31. Rg4 Rxe5 32. Rxg5+ Kf8 33. Bxe5 1

[Event "Torneo Nuevo Centro. Jornada 10"]
[Site "Chess.com"]
[Date "2020.08.21"]
[Round "1"]
[White "Garcia, Jhoel"]
[Black "Rodriguez Rodriguez, Joan David "]
[Result "1-0"]
[WhiteElo "2421"]
[BlackElo "1723"]
[TimeControl "180+2"]
[EndTime "10:37:16 PDT"]
[Termination "Victoria de shoels por abandono"]

1. g3 Nf6 2. Bg2 c6 3. b3 d5 4. Bb2 Bf5 5. d3 Nbd7 6. Nd2 e6 7. e4 dxe4 8. dxe4 Bg6 9. Qe2 Be7 10. O-O-O O-O 11.
f4 h6 12. g4 a5 13. f5 exf5 14.
exf5 Bh7 15. Nc4 Re8 16. Qd3 Nc5 17. Qe3 Ncd7 18. Qf4 Nd5 19. Qg3 Bg5+ 20. Kb1 Nf4 21. h4 Nxg2 22. hxg5 b5 23. Ne5 Rxe5 24. Bxe5 Qe7 25.
Bd6 Qe4 26. Qf3 Qxf3 27. Nxf3 Ne3 28. Rdg1 hxg5 29. Nxg5 Nf6 30. Nxh7 Nxh7 31. Bf4 Nd5 32. Bd2 Nhf6 33. g5 Ne4 34. Kc1 Kf8 35. Rh8+ Ke7 36. Rxa8 Nxd2 37. Ra7+ Kd6 38. Kxd2 1

[Event "Torneo Nuevo Centro. Jornada 10"]
[Site "Chess.com"]
[Date "2020.08.21"]
[Round "1"]
[White "Méndez Giménez , Néstor Emmanuel"]
[Black "Castellano López, Javier"]
[Result "0-1"]
[WhiteElo "1236"]
[BlackElo "1902"]
[TimeControl "180+2"]
[EndTime "10:37:16 PDT"]
[Termination "Victoria de its_xavi_official por jaque mate"]

1. e4 c6 2. Nf3 d5 3. Nc3 Bg4 4. exd5 cxd5 5. h3 Bxf3 6. Qxf3 e6 7. Bb5+ Nc6 8. Bxc6+ bxc6 9. O-O Nf6 10. d4 Bd6 11.
Bf4 O-O 12. Bg5 h6 13. Bxf6 Qxf6 14. Qxf6 gxf6 15. Kh1 Rab8 16. b3 c5 17. Rfd1 cxd4 18. Rxd4 Be5 19. Rd3 Rfc8 20. Nxd5 Bxa1 21. Ne7+ Kf8 22.
Nxc8 Rxc8 23. Kh2 Rxc2 24. Rd8+ Ke7 25. Ra8 Rxa2 26. b4 Be5+ 27. g3 Rxf2+ 28. Kg1 Ra2 29. b5 Bxg3 30. b6 Bf2+ 31. Kf1 Bxb6 32. h4 Ra4 33. Ke2 Rxh4 34. Kf3 f5 35. Kg3 Rg4+ 36. Kf3 Kf6 37. Rb8 h5 38. Rh8 h4 39. Rh6+ Ke5 40.
Rh7 Rg3+ 41. Ke2 h3 42. Kf1 Rg1+ 43. Ke2 Rg2+ 44. Kf1 Rf2+ 45. Ke1 h2 46. Rh3 Ra2 47. Kf1 Ra1+ 48. Kg2 h1=Q+ 49. Rxh1 Rxh1 50. Kxh1 a6 51. Kg2 a5 52. Kf3 a4 53. Ke2 a3 54. Kd2 a2 55.
Kc2 a1=Q 56. Kb3 Qb1+ 57. Kc3 Bd4+ 58. Kd2 Qb2+ 59. Kd3 Qc3+ 60. Ke2 Qe3+ 61. Kd1 Qf2 62. Kc1 Qe2 63. Kb1 Qb2# 0

[Event "Torneo Nuevo Centro. Jornada 10"]
[Site "Chess.com"]
[Date "2020.08.21"]
[Round "1"]
[White "Camison Zornoza, Cesar"]
[Black "Sos Andreu, Eric"]
[Result "0-1"]
[WhiteElo "1791"]
[BlackElo "2519"]
[TimeControl "180+2"]
[EndTime "10:37:33 PDT"]
[Termination "Victoria de ericovski por abandono"]

1. e4 c6 2. d4 d5 3. Nc3 dxe4 4.
Nxe4 Bf5 5. Ng3 Bg6 6. Nf3 Nd7 7. Bc4 e6 8. h4 h6 9. h5 Bh7 10. Qe2 Ngf6 11. Bf4 Be7 12. O-O-O O-O 13. Rhe1 Nb6 14. Bxe6 fxe6 15. Qxe6+ Kh8 16. Qxe7 Qxe7 17. Rxe7 Nfd5 18. Bd6 Nxe7 19. Bxe7 Rfe8 20. Bc5 Nd7 21. Bd6 Re6 22. Ba3 Rae8 23. Nf1 Re2 24. Rd2 Nb6 25. b3 Nd5 26. Ng3 Rxd2 27. Kxd2 Nf4 28. Ne5 Kg8 29. Ne2 Nxe2 30.
Kxe2 Bxc2 31. Kd2 Bb1 32. Bb2 Bxa2 33. b4 Bd5 34. g3 b6 35. f4 a5 36. bxa5 bxa5 37.
Ba3 a4 38. g4 Rb8 39. Bd6 Rb3 40. g5 hxg5 41. fxg5 a3 42. Bxa3 Rxa3 43. h6 gxh6 44. gxh6 Rh3 45. Ng4 Rh4 46. Nf6+ Kf7 47. Nd7 Rxh6 48.
Ne5+ Ke6 49. Ke3 Rh4 50. Nd3 Rh3+ 51. Kd2 Rxd3+ 52. Kxd3 Kf5 53. Ke3 Kg4 54. Ke2 Kf4 55. Kd3 Kf3 56. Kd2 Ke4 57. Kc3 Ke3 58. Kc2 Kxd4 59.
Kd2 c5 60. Kc2 c4 61. Kd2 c3+ 62. Kd1 Kd3 63. Kc1 c2 64. Kb2 Kd2 65. Ka3 c1=Q+ 0

[Event "Torneo Nuevo Centro. Jornada 10"]
[Site "Chess.com"]
[Date "2020.08.21"]
[Round "1"]
[White "Zamora Soler, Raul"]
[Black "Grigorev, Artur "]
[Result "1-0"]
[WhiteElo "1849"]
[BlackElo "946"]
[TimeControl "180+2"]
[EndTime "10:37:33 PDT"]
[Termination "Victoria de rzamora80 por abandono"]

1. e4 e5 2. Nf3 Nc6 3. d4 d6 4.
dxe5 dxe5 5. Qxd8+ Nxd8 6. Nxe5 Nf6 7. Bd3 Bc5 8. O-O O-O 9. c4 Ne6 10. Nc3 Nf4 11. Bc2 Ng4 12. Nxg4 Bxg4 13. Bxf4 c6 14. h3 Be6 15. Bd3 Rad8 16. Be2 Bd4 17. Rad1 Bxc3 18.
bxc3 Rxd1 19. Rxd1 Re8 20. Bc7 h6 21. Rd8 Rxd8 22.
Bxd8 Bc8 23. a3 Bd7 24. c5 Bc8 25. Be7 Bd7 26. Bc4 Bc8 27. Bd6 Bd7 28. e5 Bc8 29. Bb8 Bd7 30. Bxa7 Bc8 31. Bb8 Bd7 32. a4 Bc8 33. f4 Bd7 34. g4 Bc8 35. f5 Bd7 36.
e6 fxe6 37. Bxe6+ Bxe6 38. fxe6 Kf8 39. Bd6+ Ke8 40. h4 Kd8 41. Bf8 Ke8 42. Bxg7 Ke7 43.
Bxh6 Kxe6 44. Be3 Kf6 45. Kf2 Ke5 46. h5 Kf6 47. g5+ Kg7 48. g6 Kh8 49. Bd4+ Kg8 50. h6 Kf8 51. h7 Ke8 52. h8=Q+ Ke7 53. Qf6+ Ke8 54. g7 Kd7 55. g8=Q 1

[Event "Torneo Nuevo Centro. Jornada 10"]
[Site "Chess.com"]
[Date "2020.08.21"]
[Round "1"]
[White "Mellado Sais, Carles"]
[Black "Bosch Jordà, Ricard"]
[Result "0-1"]
[WhiteElo "1368"]
[BlackElo "1944"]
[TimeControl "180+2"]
[EndTime "10:37:48 PDT"]
[Termination "Victoria de UltimateLimo por abandono"]

1. d4 Nf6 2. c4 c5 3. d5 b5 4. Qc2 g6 5. e3 d6 6. Nc3 a6 7. Nf3 Bg7 8. Bd3 O-O 9. O-O Nbd7 10. b3 Ng4 11. Bb2 Nge5 12. Nxe5 Nxe5 13. f4 Nxd3 14.
Qxd3 Bf5 15. e4 Bd7 16. f5 bxc4 17. bxc4 Rb8 18. Rab1 Qa5 19. Rfc1 Rb7 20. fxg6 hxg6 21. Qc2 Rfb8 22. Ba1 Rxb1 23. Rxb1 Rxb1+ 24. Qxb1 Bxc3 25. Bxc3 Qxc3 26. Qb8+ Kg7 27. Qb1 Qxc4 28. h3 Bb5 29. Kh2 Qd3 30. Qb2+ Qd4 31. Qb1 Bd3 32. Qe1 Qxe4 33.
Qc3+ Qe5+ 34. Qxe5+ dxe5 35. Kg3 c4 36. Kf3 c3 37.
Ke3 c2 38. Kd2 e4 39. g4 e3+ 40. Kc1 e2 41. Kd2 e1=Q+ 42. Kxd3 c1=Q 43. Kd4 Qb2+ 0

[Event "Torneo Nuevo Centro. Jornada 10"]
[Site "Chess.com"]
[Date "2020.08.21"]
[Round "1"]
[White "Alvarez Usina, Jordi"]
[Black "Aguado, Pablo Luis"]
[Result "0-1"]
[WhiteElo "1306"]
[BlackElo "1920"]
[TimeControl "180+2"]
[EndTime "10:38:02 PDT"]
[Termination "Victoria de PLAD_2006 por abandono"]

1. d4 d5 2. Bf4 Nf6 3. e3 e6 4. Nf3 c5 5. c3 Nc6 6. Bd3 Bd6 7. Ne5 O-O 8. Nd2 Bxe5 9. dxe5 Nd7 10. Qh5 g6 11.
Qh6 Ndxe5 12. Bxe5 Nxe5 13. Bc2 Qf6 14. O-O-O a5 15.
h4 a4 16. a3 b5 17. Rh3 Ng4 18. Rf3 Nxh6 19. Rxf6 Kg7 20. Rf3 e5 21. e4 Bg4 22.
exd5 Bxf3 23. Nxf3 f6 24. d6 Rfd8 25. d7 Ra7 26. Rd5 Raxd7 27. Rxc5 Rd5 28. Rc7+ R8d7 29. Rc8 Ng4 30. Be4 Rd1+ 31. Kc2 Nxf2 32. Bc6 Rd8 33.
Rc7+ Kg8 34. Bxb5 e4 35. Nd4 e3 36. Be2 Re1 37. Ra7 Rxe2+ 38. Nxe2 Rd2+ 39. Kc1 Rxe2 40. Rxa4 Re1+ 41. Kc2 Rd1 42. Ra8+ Kg7 43. Re8 Rd3 44. c4 Kf7 45. Rc8 e2 46. c5 0

[Event "Torneo Nuevo Centro. Jornada 10"]
[Site "Chess.com"]
[Date "2020.08.21"]
[Round "1"]
[White "Gukasov, Artem"]
[Black "Bendayán Claros, Aaron"]
[Result "0-1"]
[WhiteElo "1443"]
[BlackElo "2003"]
[TimeControl "180+2"]
[EndTime "10:38:06 PDT"]
[Termination "Victoria de Cuajada_Zero por abandono"]

1. e4 c6 2. d4 d5 3. exd5 cxd5 4. c3 Nc6 5. Bd3 Nf6 6. Be3 g6 7. Nf3 Bg7 8. Nbd2 O-O 9. O-O Bg4 10. h3 Bf5 11.
Qc2 e6 12. Bxf5 gxf5 13. Nb3 Ne4 14. Nbd2 Bf6 15. Nxe4 fxe4 16. Nh2 Kh8 17. Ng4 Bg7 18. Qd2 f5 19. Nh2 Qf6 20. f4 Rg8 21. g4 Qh4 22. Qf2 Qe7 23. g5 b5 24. a3 a5 25. Kg2 b4 26.
Rh1 bxc3 27. bxc3 Rab8 28. Qc2 Rb5 29. Rhb1 Rgb8 30. a4 R5b7 31. h4 h6 32. Kg3 Qc7 33. Nf1 Nxd4 34. Bxd4 Bxd4 35. Qc1 Qxc3+ 36. Qxc3 Bxc3 37.
Rxb7 Rxb7 38. Rc1 d4 39. gxh6 Kh7 40. Kf2 Rb2+ 41. Kg3 Kxh6 42. Rd1 Rb4 43. Nd2 Bxd2 44. Rxd2 Rxa4 45. Rh2 Ra3+ 46. Kf2 Ra2+ 0